cohdb
Replays
Latest Replays
All Replays
Popular Replays
Top Player Replays
Match Explorer
How It Works
Community
CoH3 Stats
Reddit
Sign in to upload your games and track your stats! →
Sign in with Steam
Match 45445059
Unlisted
Match 45445059
Overview
Messages
Build Orders
End
Kradschützen Motorcycle Team
Panzergrenadier Squad
Panzergrenadier Squad
Panzergrenadier Squad
Construct Light Support Kompanie
Fire Support Elements
Flakvierling Half-track
Panzerjäger Mechanized Group
Construct Mechanized Kompanie
StuG III D Assault Gun
Selects Panzerjäger Kommand Battlegroup
Selects Tank Busters
Selects Crew Shock Tactics
Selects Anti-tank Overwatch
Selects Mine Fields
Anti-tank Overwatch
Emergency Repair Kits
Selects Defensive Positions
Selects Butterfly Bomb Drop
StuG III D Assault Gun
T.R. Olvadi
Nico-Nico-Nii~~
4IRT
7k this year for sure
0
0
Comments
sign in to comment!
No comments posted yet!